 Dungeon Crawl Stone Soup version 0.28.0-49-g6dfe1f597d (webtiles) character file.

Game seed: 4868812966048369291

591774 enile the Metallomancer (level 27, -3/184 HPs)
             Began as a Gargoyle Earth Elementalist on May 11, 2022.
             Was an Elder of Ashenzari.
             Killed from afar by a purple draconian shifter (28 damage)
             ... with a bolt of dispelling energy
             ... on level 4 of the Realm of Zot.
             The game lasted 02:50:09 (93127 turns).

enile the Metallomancer (GrEE)                     Turns: 93127, Time: 02:50:10

Health: -3/184     AC: 26    Str: 25    XL:     27
Magic:  23/62      EV: 19    Int: 31    God:    Ashenzari [****..]
Gold:   6237       SH: 14    Dex: 12    Spells: 28/78 levels left

rFire   + . .      SeeInvis +   r - staff of earth (curse) {Evo, Cun}
rCold   + . .      Faith    .   V - +1 kite shield {reflect}
rNeg    + . .      Spirit   .   M - +2 robe {Archmagi}
rPois   ∞          Reflect  +   b - +2 helmet "Circumscribed Adversity" {rPois MP+9 Str+4 Slay+3, Self, Melee} (curse)
rElec   +          Harm     .   F - scarf of Supernal Gnosis {rC+ rF+, Elem, Range} (curse)
rCorr   .          Rampage  ∞   a - +2 pair of gloves "Chained With Me" {Bglg, Self} (curse)
Will    ++...      Archmagi +   Q - +3 pair of seven-league boots {Rampage+∞, Self, Evo} (curse)
Stlth   +++++..... Clarity  +   G - amulet "Shackled With Me" {RegenMP, Alch, Elem} (curse)
HPRegen 0.40/turn               z - ring "Keimox" {Fly AC+4 Int+6}
MPRegen 0.78/turn               w - ring "Ruined Yoke" {+Blink Str+6, Self, Elem} (curse)

@: corroded, flying, studying 4 skills
A: sickness immunity, AC +20, big wings, negative energy resistance 1,
electricity resistance, torment resistance 1, petrification resistance, clarity,
mutation resistance 1
}: 3/15 runes: decaying, serpentine, silver
a: Renounce Religion, Evoke Blink, Curse Item, Shatter the Chains


You were on level 4 of the Realm of Zot.
You worshipped Ashenzari.
Ashenzari was greatly pleased with you.
You visited 9 branches of the dungeon, and saw 47 of its levels.
You visited the Abyss 1 time.
You also visited: Volcano and Wizlab.

You collected 9675 gold pieces.
You spent 3438 gold pieces at shops.

Inventory:

Armour
 a - the cursed +2 pair of gloves "Chained With Me" (worn) {Bglg, Self}
   (You found it on level 1 of the Dungeon)

   It has a curse which improves the following skills: Beguiling: Conjurations,
   Hexes and Translocations.
   Introspection: Fighting and Spellcasting.
 b - the cursed +2 helmet "Circumscribed Adversity" (worn) {rPois MP+9 Str+4 Slay+3, Self, Melee}
   (You acquired it on level 1 of the Elven Halls)

   Str:       It affects your strength (+4).
   Slay:      It affects your accuracy & damage with ranged weapons and melee
   (+3).
   rPois:     It protects you from poison.
   MP:        It affects your magic capacity (+9).
   It has a curse which improves the following skills: Introspection: Fighting
   and Spellcasting.
   Melee Combat: Short Blades, Long Blades, Axes, Maces & Flails, Polearms,
   Staves and Unarmed Combat.
 F - the cursed scarf of Supernal Gnosis (worn) {rC+ rF+, Elem, Range}
   (You found it on level 8 of the Dungeon)

   It has a curse which improves the following skills: Elements: Fire Magic, Ice
   Magic, Air Magic and Earth Magic.
   Ranged Combat: Slings, Bows, Crossbows and Throwing.
 M - a +2 robe of the Archmagi (worn)
 Q - the cursed +3 pair of seven-league boots (worn) {Rampage+∞, Self, Evo}
   (You bought it in a shop on level 4 of the Snake Pit)

   Its wearer moves as far as possible in that direction when moving towards
   enemies.
   It has a curse which improves the following skills: Introspection: Fighting
   and Spellcasting.
   Evocations: Evocations.
 V - a +1 kite shield of reflection (worn)
Magical Staves
 r - a cursed staff of earth (weapon) {Evo, Cun}
Jewellery
 k - a +4 ring of slaying
 s - the ring of the Middle {rElec rPois rC+ rN+ Str+3}
   (You found it on level 1 of the Depths)

   [ring of positive energy]

   Str:       It affects your strength (+3).
   rC:        It protects you from cold.
   rElec:     It insulates you from electricity.
   rPois:     It protects you from poison.
   rN:        It protects you from negative energy.
 w - the cursed ring "Ruined Yoke" (right hand) {+Blink Str+6, Self, Elem}
   (You found it on level 6 of the Lair of Beasts)

   [ring of strength]

   Str:       It affects your strength (+6).
   +Blink:    It lets you blink.
   It has a curse which improves the following skills: Introspection: Fighting
   and Spellcasting.
   Elements:  Fire Magic, Ice Magic, Air Magic and Earth Magic.
 z - the ring "Keimox" (left hand) {Fly AC+4 Int+6}
   (You took it off a deep elf demonologist on level 3 of the Elven Halls)

   [ring of protection]

   AC:        It affects your AC (+4).
   Int:       It affects your intelligence (+6).
   Fly:       It grants you flight.
 G - the cursed amulet "Shackled With Me" (around neck) {RegenMP, Alch, Elem}
   (You found it on level 13 of the Dungeon)

   [amulet of magic regeneration]

   It increases your rate of magic regeneration.
   It has a curse which improves the following skills: Alchemy: Poison Magic and
   Transmutations.
   Elements:  Fire Magic, Ice Magic, Air Magic and Earth Magic.
 P - a ring of the Octopus King {rCorr AC+1 EV+1 Str+1 Int+1 Dex+1}
   (You took it off Sonja on level 6 of the Lair of Beasts)

   [ring of resist corrosion]

   AC:        It affects your AC (+1).
   EV:        It affects your evasion (+1).
   Str:       It affects your strength (+1).
   Int:       It affects your intelligence (+1).
   Dex:       It affects your dexterity (+1).
   rCorr:     It protects you from acid and corrosion.
Wands
 c - a wand of mindburst (14)
 i - a wand of iceblast (10)
 y - a wand of flame (96)
 H - a wand of charming (32)
 L - a wand of polymorph (27)
 N - a wand of acid (47)
 R - a wand of paralysis (21)
 T - a wand of digging (20)
Scrolls
 g - 4 scrolls of fear (quivered)
 h - 2 scrolls of holy word
 j - 9 scrolls of immolation
 l - 24 scrolls of teleportation
 n - 8 scrolls of magic mapping
 t - 3 scrolls of vulnerability
 v - 11 scrolls of amnesia
 x - 4 scrolls of enchant armour
 D - 10 scrolls of enchant weapon
 I - 3 scrolls of summoning
 K - a scroll of blinking
 X - 10 scrolls of fog
Potions
 d - 13 potions of heal wounds
 e - 3 potions of cancellation
 f - 10 potions of lignification
 o - 3 potions of berserk rage
 p - 7 potions of brilliance
 q - a potion of magic
 u - 22 potions of curing
 A - 11 potions of mutation
 C - 5 potions of haste
 S - 8 potions of ambrosia
 U - 11 potions of attraction
 Y - 7 potions of might
 Z - 3 potions of resistance
Miscellaneous
 m - a phantom mirror (inert)
 B - a piece from Xom's chessboard (15/15)
 E - a condenser vane
 J - a phial of floods
 O - a tin of tremorstones (inert)
 W - a lightning rod (4/4)


   Skills:
 + Level 17.6(22.1) Fighting
 - Level 10.0(12.0) Staves
 - Level 16.1(18.0) Dodging
 - Level 10.0(11.9) Stealth
 - Level 17.0 Shields
 - Level 21.7(26.0) Spellcasting
 - Level 13.7(15.6) Conjurations
 - Level 1.9 Necromancy
 - Level 3.0(4.6) Transmutations
 - Level 23.6(27) Earth Magic
 - Level 18.2(20.9) Evocations


You had 28 spell levels left.
You knew the following spells:

 Your Spells              Type           Power      Damage    Failure   Level
a - Shatter               Erth           84%        3d61*     1%          9
b - Borgnjor's Vile Clut  Necr/Erth      69%        N/A       1%          5
c - Lehudib's Crystal Sp  Conj/Erth      78%        10d17     1%          8
d - Petrify               Tmut/Erth      100%       N/A       0%          4
e - Leda's Liquefaction   Hex/Erth       68%        N/A       1%          4
f - Passwall              Tmut/Erth      100%       N/A       0%          2
g - Sandblast             Erth           100%       2d20      0%          1
h - Stone Arrow           Conj/Erth      100%       3d13      0%          3
i - Blade Hands           Tmut           40%        N/A       4%          5
j - Teleport Other        Tloc           58%        N/A       2%          3
m - Iron Shot             Conj/Erth      78%        9d14      1%          6

Your spell library contained the following spells:

 Spells                   Type           Power      Damage    Failure   Level
 Magic Dart               Conj           100%       1d8       0%          1
 Searing Ray              Conj           100%       2d8       0%          2
 Animate Skeleton         Necr           100%       N/A       1%          1
 Apportation              Tloc           100%       N/A       1%          1
 Foxfire                  Conj/Fire      100%       2x1d9     1%          1
 Pain                     Necr           100%       1d9       1%          1
 Slow                     Hex            100%       N/A       1%          1
 Sting                    Tmut/Pois      100%       1d8       1%          1
 Summon Small Mammal      Summ           100%       N/A       1%          1
 Call Imp                 Summ           57%        N/A       1%          2
 Corpse Rot               Necr/Air       100%       N/A       1%          2
 Ensorcelled Hibernation  Hex/Ice        100%       N/A       1%          2
 Poisonous Vapours        Pois/Air       100%       N/A       1%          2
 Static Discharge         Conj/Air       94%        N/A       1%          2
 Wereblood                Tmut           81%        N/A       1%          2
 Conjure Flame            Conj/Fire      94%        6-21      1%          3
 Dazzling Flash           Conj/Hex       100%       N/A       1%          3
 Mephitic Cloud           Conj/Pois/Air  84%        N/A       1%          3
 Vampiric Draining        Necr           68%        2d10      1%          3
 Animate Armour           Summ/Erth      100%       N/A       1%          4
 Flame Wave               Conj/Fire      94%        2d16      1%          4
 Fulminant Prism          Conj/Hex       47%        3d21      1%          4
 Hailstorm                Conj/Ice       94%        3d19      1%          4
 Iskenderun's Mystic Bla  Conj/Tloc      94%        2d18      1%          4
 Sticky Flame             Conj/Fire      94%        2d10      1%          4
 Irradiate                Conj/Tmut      50%        3d30      1%          5
 Lightning Bolt           Conj/Air       47%        1d67      1%          5
 Orb of Destruction       Conj           58%        9d14      1%          7
 Confusing Touch          Hex            58%        N/A       2%          3
 Frozen Ramparts          Ice            100%       1d12      2%          3
 Gell's Gravitas          Tloc           58%        N/A       2%          3
 Inner Flame              Hex/Fire       59%        N/A       2%          3
 Lesser Beckoning         Tloc           58%        N/A       2%          3
 Ozocubu's Armour         Ice            60%        N/A       2%          3
 Portal Projectile        Hex/Tloc       100%       N/A       2%          3
 Swiftness                Air            60%        N/A       2%          3
 Tukima's Dance           Hex            58%        N/A       2%          3
 Call Canine Familiar     Summ           57%        N/A       3%          3
 Summon Guardian Golem    Hex/Summ       57%        N/A       3%          3
 Ice Form                 Ice/Tmut       71%        N/A       3%          4
 Animate Dead             Necr           34%        N/A       4%          4
 Dispel Undead            Necr           68%        3d23      4%          4
 Starburst                Conj/Fire      47%        6d13      5%          6
 Airstrike                Air            30%        N/A       9%          4
 Summon Ice Beast         Ice/Summ       58%        N/A       9%          4
 Summon Lightning Spire   Summ/Air       58%        N/A       9%          4
 Olgreb's Toxic Radiance  Pois           58%        N/A       10%         4
 Alistair's Intoxication  Tmut/Pois      46%        N/A       11%         5
 Agony                    Necr           68%        N/A       13%         5
 Excruciating Wounds      Necr           34%        N/A       13%         5
 Metabolic Englaciation   Hex/Ice        29%        N/A       24%         5
 Silence                  Hex/Air        29%        N/A       24%         5
 Summon Mana Viper        Hex/Summ       57%        N/A       26%         5
 Spellforged Servitor     Conj/Summ      46%        N/A       34%         7
 Eringya's Noxious Bog    Tmut/Pois      35%        N/A       50%         6
 Death Channel            Necr           34%        N/A       56%         6
 Simulacrum               Ice/Necr       32%        N/A       67%         6
 Dragon Form              Tmut           40%        N/A       77%         7
 Haunt                    Necr/Summ      31%        N/A       99%         7
 Enfeeble                 Hex            29%        N/A       100%        7
 Malign Gateway           Summ/Tloc      28%        N/A       100%        7
 Monstrous Menagerie      Summ           28%        N/A       100%        7
 Ozocubu's Refrigeration  Ice            30%        4d11      100%        7
 Summon Hydra             Summ           28%        N/A       100%        7
 Borgnjor's Revivificati  Necr           34%        N/A       100%        8
 Infestation              Necr           34%        N/A       100%        8
 Maxwell's Capacitive Co  Air            30%        ∞         100%        8
 Sublimation of Blood     Necr           Unusable   N/A       N/A         2
 Statue Form              Tmut/Erth      Unusable   N/A       N/A         6

Dungeon Overview and Level Annotations

Branches:
Dungeon (15/15)            Temple (0/1) D:5            Lair (6/6) D:8
  Swamp (4/4) Lair:2        Snake (4/4) Lair:4        Slime (0/5) Lair:5
    Orc (2/2) D:11            Elf (3/3) Orc:2        Vaults (5/5) D:13
  Crypt (0/3) Vaults:2     Depths (4/4) D:15            Zot (4/5) Depths:4
Volcano (visited)          WizLab (visited)

Altars:
Ashenzari
Elyvilon
Okawaru
Trog
Vehumet
Wu Jian
Xom
Zin
The Shining One
Lugonu

Shops:
D:9 *   D:11 *   D:13 [   Orc:1 *(   Orc:2 *[(:[   Elf:1 :=:   Snake:3 (
Snake:4 [=[[[   Vaults:2 *

Portals:
Hell: Depths:1 Depths:2 Depths:3 Depths:4
Abyss: Lair:6 Depths:3
Pandemonium: Depths:2 Depths:3
Ziggurat: Depths:3

Annotations:
D:4 2 transporters, AlmostDecent's ghost, amateur GrFi
Lair:2 3 runed translucent doors, mitchisshort's ghost, journeyman MiFi
Vaults:2 3 runed translucent doors, Bailed's ghost, veteran MiMo


Innate Abilities, Weirdness & Mutations

You are immune to sickness and miasma.
Your stone body is resilient. (AC +20)
You are immune to poison.
Your large and strong wings let you fly.
You resist negative energy. (rN+)
You are resistant to electric shocks. (rElec)
You are resistant to unholy torment.
You are immune to petrification.
You possess an exceptional clarity of mind.
You are somewhat resistant to further mutation.


Message History

* * * LOW HITPOINT WARNING * * *
The moth of wrath is engulfed in poison gas.
The moth of wrath looks even sicker.
Okay, then.
As you read the scroll of summoning, it crumbles to dust.
Wisps of shadow whirl around you...
The yellow draconian annihilator spits acid at you.
The glob of acid hits you but does no damage.
The acid corrodes you!
The black draconian knight mumbles some strange words.
The black draconian knight flickers and vanishes for a moment.
The red draconian scorcher points at you and mumbles some strange words.
The fireball explodes!
The fireball engulfs you! You resist.
* * * LOW HITPOINT WARNING * * *
The fireball engulfs your tentacled monstrosity!
Your tentacled monstrosity resists.
The fireball engulfs your shadow dragon!!!
The yellow draconian annihilator gestures at you while chanting.
Your +1 kite shield of reflection reflects the crystal spear!
The crystal spear hits the yellow draconian annihilator!!
The black draconian knight breathes lightning at you.
The bolt of lightning hits your shadow dragon!
The bolt of lightning hits you! You resist.
* * * LOW HITPOINT WARNING * * *
Your shadow dragon breathes negative energy at the black draconian knight.
The bolt of negative energy hits the black draconian knight but does no damage.
The black draconian knight is drained!
You feel much better.
The red draconian scorcher breathes fire at you.
The searing blast hits your tentacled monstrosity!!
Your tentacled monstrosity resists.
The searing blast hits you!! You resist.
* * * LOW HITPOINT WARNING * * *
The yellow draconian annihilator mumbles some strange words.
The yellow draconian annihilator blinks!
The purple draconian shifter breathes dispelling energy at you.
The bolt of dispelling energy hits your shadow dragon!
The bolt of dispelling energy hits you!!
Your magical effects are unravelling.
You die...

##.#...##...).○.☼#........###
*
#.#...#.#....°○..........####
*
#.#####......q.○............#
* #.#*
#.......°.....>#........ *
,#.......)...#..#.....#.# +,
,,***
#........)..)..#.......# *,
,..###.[...§......##....... *
*..........y.)..............
*
*..[#####).@D.q.q...........
* *. , *#...X.........)).)..[
* , , #.##.....q....<.).....
#.##.........)))..#.... * ,*
,,*## #..............).).. ,,
, , * #....q.............. *
* ** , ##.................. *
, * #..........#....... ,
#.....[[...........


You could see a green draconian monk, a black draconian knight (invisible,
catching breath, drained), a purple draconian shifter (catching breath, ally
target), a yellow draconian annihilator, a red draconian scorcher (catching
breath, ally target), a moth of wrath (very poisoned), a friendly shadow dragon
(summoned) and a friendly tentacled monstrosity (summoned).

Vanquished Creatures
  2 ancient liches (Vaults:5)
  An orb of fire (Zot:3)
  A juggernaut (Depths:1)
  Frederick (Vaults:3)
  A Killer Klown (Zot:2)
  Vashnia (Snake:2)
  7 caustic shrikes
  2 curse toes
  13 golden dragons
  A Hellbinder (WizLab)
  the Enchantress (Depths:4)
  A doom hound (Depths:1)
  2 electric golems (Zot:1)
  2 hellephants (Depths:1)
  19 tentacled monstrosities
  9 liches
  A walking crystal tome (Depths:2)
  Jorgrun (Elf:1)
  6 quicksilver dragons
  8 titans
  A walking earthen tome (Depths:2)
  A walking divine tome (Depths:2)
  2 walking frostbound tomes
  4 deep elf blademasters
  4 death cobs
  3 deep elf master archers
  The ghost of Fiyxkotz the Ogre Mage, an adept OgCj of Ru (Swamp:2)
  7 sphinxes
  An ancient champion (Vaults:2)
  2 thorn hunters
  Kirke (D:12)
  9 shadow dragons
  8 storm dragons
  A fire giant (shapeshifter) (Vaults:5)
  8 tengu reavers
  8 nagarajas
  8 draconian monks
  3 draconian knights
  3 fenstrider witches
  6 frost giants
  A ghost moth (Zot:2)
  3 orc warlords
  12 fire giants
  An iron dragon (Depths:2)
  4 deep elf sorcerers
  2 balrugs (WizLab)
  12 vault wardens
  A cacodemon (Abyss:2)
  5 draconian scorchers
  A juggernaut zombie (D:15)
  Aizul (Snake:3)
  3 draconian stormcallers
  5 draconian shifters
  21 ironbound preservers
  6 spriggan defenders
  4 deep elf elementalists (Elf:3)
  5 draconian annihilators
  A quicksilver ooze (shapeshifter) (Depths:2)
  3 ghouls (Swamp:3)
  27 very ugly things
  3 war gargoyles
  9 ironbound thunderhulks
  12 purple draconians
  4 vampire knights
  21 stone giants
  11 green draconians
  21 black draconians
  8 deep elf demonologists
  6 eleionomae
  10 dire elephants
  12 spark wasps
  A lorocyproca (WizLab)
  Nessos (D:12)
  12 white draconians
  3 bunyips
  12 deep elf annihilators
  11 yellow draconians
  2 crystal guardians (Vaults:4)
  13 red draconians
  14 deep elf death magi
  An eidolon (Vaults:2)
  A jiangshi (Vaults:2)
  16 ettins
  13 yaktaur captains
  A green death (WizLab)
  4 shambling mangroves
  10 great orbs of eyes
  2 deep elf high priests
  8 fire dragons
  34 vault guards
  12 ice dragons
  6 rakshasas
  35 hydras
  22 naga warriors
  2 salamander tyrants (Snake:4)
  4 ogre magi
  5 boulder beetles
  3 ghost crabs
  3 hell beasts (WizLab)
  A peacekeeper (Vaults:4)
  A death knight (Vaults:2)
  12 spriggan air magi
  9 ironbound frosthearts
  A quicksilver dragon skeleton (Vaults:3)
  6 alligators
  12 centaur warriors
  7 anacondas
  An anaconda (shapeshifter) (Depths:2)
  An alligator (shapeshifter) (Depths:3)
  2 catoblepae (D:15)
  3 death yaks (Lair:4)
  10 two-headed ogres
  15 deep troll shamans
  5 orc high priests
  2 thrashing horrors (Lair:6)
  12 naga sharpshooters
  A vampire mage (Depths:2)
  10 deep troll earth magi
  25 dancing weapons
  8 tengu warriors
  5 shock serpents
  Urug (D:12)
  10 hell knights
  2 soul eaters (WizLab)
  3 sun demons (WizLab)
  Nergalle (D:11)
  6 skeletal warriors
  14 deep elf knights
  5 spriggan berserkers
  A titan skeleton (Vaults:2)
  Sonja (Lair:6)
  3 sixfirhies (Zot:1)
  A fire crab (shapeshifter) (Elf:1)
  3 salamander mystics (Snake:4)
  12 iron trolls
  8 goliath frogs
  3 sea snakes (Snake:1)
  A sea snake (shapeshifter) (Depths:3)
  A fire crab (Lair:6)
  3 death drakes (Depths:4)
  69 deep trolls
  9 wizards
  11 bog bodies
  An orb spider (shapeshifter) (Vaults:2)
  4 glowing orange brains
  4 deep elf archers
  4 flayed ghosts
  A spriggan druid (Swamp:2)
  8 swamp dragons
  A deep troll (shapeshifter) (Lair:6)
  An anaconda skeleton (Volcano)
  9 naga ritualists
  2 golden dragon skeletons
  12 lindwurms
  17 ironbound convokers
  11 necromancers
  8 mana vipers
  18 deep elf zephyrmancers
  3 manticores
  A tengu zombie (D:15)
  Pikel (D:5)
  10 orc knights
  5 phantasmal warriors
  11 harpies
  25 deep elf pyromancers
  9 spectral spriggans (Swamp:3)
  32 ugly things
  A frost giant zombie (Vaults:2)
  A shadow dragon skeleton (Depths:1)
  5 cyclopes
  6 will-o-the-wisps
  A fire giant zombie (D:15)
  4 human skeletons
  7 orc sorcerers
  A tengu skeleton (Vaults:2)
  2 stone giant zombies
  5 salamanders
  A rust devil (WizLab)
  A fire giant skeleton (Vaults:2)
  A stone giant skeleton (Vaults:2)
  20 vault sentinels
  3 guardian serpents (Snake:3)
  14 moths of wrath
  8 elephants
  A frost giant skeleton (Depths:1)
  46 black mambas
  An elf skeleton (Vaults:3)
  20 naga magi
  Joseph (D:7)
  4 gargoyles
  A water nymph (shapeshifter) (Vaults:5)
  An unseen horror (D:13)
  Psyche (D:9)
  Maggie (D:6)
  A smoke demon (Lair:6)
  9 cane toads
  2 kobold demonologists (D:12)
  2 demonic crawlers (D:13)
  5 freezing wraiths
  2 efreet
  7 komodo dragons
  A hellion (WizLab)
  27 yaktaurs
  A tormentor (WizLab)
  4 tengu conjurers
  3 red devils (WizLab)
  3 ancient zymes (Lair:6)
  2 queen bees (shapeshifter)
  9 polar bears
  2 ice devils (WizLab)
  4 bloated husks
  A harpy skeleton (Volcano)
  10 trolls
  A merfolk (shapeshifter) (Vaults:5)
  Prince Ribbit (D:9)
  50 blink frogs
  8 tyrant leeches
  15 hornets
  41 slime creatures
  A tarantella (shapeshifter) (Elf:3)
  A blink frog (shapeshifter) (Elf:3)
  3 meliai (D:14)
  An ettin zombie (Vaults:3)
  4 dream sheep
  2 raiju (Zot:1)
  A frost giant simulacrum (Vaults:2)
  2 large abominations (Lair:6)
  2 air elementals
  3 flying skulls (Volcano)
  2 centaur simulacra
  18 spriggans
  A culicivora (shapeshifter) (Depths:3)
  5 wraiths
  8 humans (D:13)
  3 wyverns
  A ynoxinul (WizLab)
  A basilisk (shapeshifter) (Lair:6)
  5 water elementals
  3 hogs (D:12)
  4 fire elementals
  63 yaks
  8 small abominations (Lair:6)
  7 redbacks (Depths:2)
  A steam dragon (shapeshifter) (Vaults:5)
  9 vampire mosquitoes
  2 steam dragons
  7 basilisks
  A neqoxec (WizLab)
  7 chaos spawn
  A harpy simulacrum (D:14)
  56 nagas
  5 wargs
  19 swamp worms
  17 water moccasins
  3 floating eyes
  4 acid dragons
  Duvessa (D:5)
  49 orc warriors
  A sky beast (D:7)
  3 black bears
  2 ice beasts
  8 swamp drakes
  14 ogres
  16 centaurs
  22 wolves
  A kobold brigand (D:7)
  The ghost of hawla the Digger, an amateur DEEE (D:3)
  Blork the orc (D:5)
  10 bullfrogs
  A wyvern zombie (D:8)
  4 earth elementals
  6 scorpions
  Dowan (D:5)
  3 killer bees (D:8)
  A spriggan skeleton (Volcano)
  4 howler monkeys
  A troll skeleton (Volcano)
  7 electric eels
  2 centaur zombies
  13 orc priests
  Crazy Yiuf (D:5)
  A bullfrog zombie (D:5)
  5 centaur skeletons
  A jelly (shapeshifter) (Depths:4)
  2 bullfrog skeletons
  3 iguanas
  15 orc wizards
  A scorpion zombie (D:5)
  5 lightning spires (Zot:1)
  7 hell rats
  2 killer bee zombies
  A naga skeleton (Volcano)
  A howler monkey zombie (D:6)
  3 gnolls (D:3)
  15 adders
  7 river rats (Lair:4)
  3 white imps
  An ufetubus (D:5)
  3 worms (D:3)
  3 dart slugs
  65 orcs
  3 bats
  7 endoplasms
  5 giant cockroaches
  6 goblins
  4 hobgoblins
  6 kobolds
  4 quokkas
  A quokka (shapeshifter) (Depths:2)
  7 ball pythons
  4 frilled lizards
  9 rats
  16 briar patches (Swamp:2)
  2 plants (Depths:4)
2203 creatures vanquished.

Vanquished Creatures (collateral kills)
  A vault warden (Vaults:2)
  A deep elf death mage (Elf:3)
  A deep elf archer (Elf:3)
  A deep elf zephyrmancer (Elf:3)
  A deep elf pyromancer (Elf:3)
  An orange demon (WizLab)
  A yaktaur (Vaults:2)
  A neqoxec (WizLab)
  An acid dragon (shapeshifter) (Elf:3)
9 creatures vanquished.

Vanquished Creatures (others)
  A draconian monk (Zot:1)
  A storm dragon (Zot:1)
  A ghost moth (Zot:4)
  A demonspawn blood saint (WizLab)
  A deep elf annihilator (Elf:3)
  A skeletal warrior (Volcano)
  A raiju (Zot:1)
  A naga (Snake:3)
  5 ball lightnings (Zot:1)
  8 foxfires (Swamp:2)
  68 fungi
  70 plants
  11 withered plants (D:15)
170 creatures vanquished.

Grand Total: 2382 creatures vanquished

Notes
Turn   | Place    | Note
-------+----------+-------------------------------------------
     0 | D:1      | enile the Gargoyle Earth Elementalist began the quest for
                  | the Orb.
     0 | D:1      | Reached XP level 1. HP: 10/10 MP: 3/3
   316 | D:1      | Reached skill level 4 in Earth Magic
   345 | D:1      | Reached XP level 2. HP: 13/15 MP: 3/5
   520 | D:1      | Found a faded altar of an unknown god.
   557 | D:1      | Prayed at the altar of an unknown god.
   557 | D:1      | Became a worshipper of Ashenzari the Shackled
   901 | D:2      | Reached skill level 5 in Earth Magic
   901 | D:2      | Reached XP level 3. HP: 20/20 MP: 4/6
  1081 | D:2      | Reached skill level 1 in Fighting
  1272 | D:2      | Reached XP level 4. HP: 21/26 MP: 4/7
  1865 | D:2      | Reached XP level 5. HP: 23/32 MP: 1/9
  1951 | D:2      | Learned a level 2 spell: Passwall
  2345 | D:3      | Found a runed translucent gate.
  2345 | D:3      | Found a runed translucent gate.
  2345 | D:3      | Found a runed translucent gate.
  2349 | D:3      | Noticed hawla's ghost (amateur DEEE)
  2379 | D:3      | Identified the +1 robe of True Grit {*Corrode rF+++ Str+5}
  2504 | D:3      | Reached * piety under Ashenzari
  2859 | D:3      | Reached ** piety under Ashenzari
  2963 | D:3      | Killed hawla's ghost
  2964 | D:3      | Reached XP level 6. HP: 36/38 MP: 6/13
  3137 | D:4      | Reached skill level 6 in Earth Magic
  3392 | D:4      | Reached skill level 7 in Earth Magic
  3392 | D:4      | Reached XP level 7. HP: 42/42 MP: 9/13
  3463 | D:4      | Learned a level 3 spell: Stone Arrow
  3658 | D:4      | Reached skill level 8 in Earth Magic
  3763 | D:4      | Reached skill level 1 in Evocations
  4033 | D:4      | Found a transporter.
  4109 | D:4      | Found a transporter.
  4109 | D:4      | Noticed AlmostDecent's ghost (amateur GrFi)
  4369 | D:5      | Entered Level 5 of the Dungeon
  4369 | D:5      | Noticed Blork the orc
  4374 | D:5      | Killed Blork the orc
  4450 | D:5      | Noticed Dowan
  4453 | D:5      | Noticed Duvessa
  4456 | D:5      | Killed Dowan
  4464 | D:5      | Killed Duvessa
  4469 | D:5      | Reached XP level 8. HP: 18/46 MP: 0/13
  4509 | D:5      | Identified the cursed +2 pair of gloves "Chained With Me"
                  | {Bglg, Self} (You found it on level 1 of the Dungeon)
  4577 | D:5      | Noticed Pikel
  4661 | D:5      | Killed Pikel
  4662 | D:5      | Reached skill level 5 in Evocations
  4901 | D:5      | Found a staircase to the Ecumenical Temple.
  5259 | D:5      | Found a runed translucent door.
  5260 | D:5      | Noticed Crazy Yiuf
  5304 | D:5      | Reached XP level 9. HP: 54/54 MP: 13/17
  5678 | D:5      | Killed Crazy Yiuf
  5794 | D:6      | Reached skill level 5 in Spellcasting
  5924 | D:6      | Noticed Maggie
  5930 | D:6      | Killed Maggie
  6765 | D:7      | Noticed a hornet
  6977 | D:7      | Found a bloodstained altar of Trog.
  6977 | D:7      | Found a shimmering altar of Xom.
  6978 | D:7      | Found an ornate altar of the Wu Jian Council.
  6978 | D:7      | Found a shimmering altar of Xom.
  7141 | D:7      | Reached XP level 10. HP: 41/63 MP: 1/21
  7525 | D:7      | Identified Husel's Guide on Evil Rituals
  7536 | D:7      | Noticed an eight-headed hydra
  7564 | D:7      | Killed an eight-headed hydra
  7565 | D:7      | Reached skill level 5 in Dodging
  7702 | D:7      | Noticed a purple ugly thing
  7705 | D:7      | Killed a purple ugly thing
  7871 | D:7      | Noticed Joseph
  7875 | D:7      | Killed Joseph
  7914 | D:7      | Reached skill level 9 in Earth Magic
  8741 | D:8      | Reached skill level 10 in Earth Magic
  8792 | D:8      | Learned a level 4 spell: Petrify
  8826 | D:8      | Found a shimmering altar of Xom.
  9227 | D:8      | Found a staircase to the Lair.
  9390 | D:8      | Reached XP level 11. HP: 68/68 MP: 21/23
  9835 | D:9      | Found Migaolot's Mass Market.
 10478 | D:9      | Noticed Prince Ribbit
 10487 | D:9      | Killed Prince Ribbit
 10594 | D:9      | Noticed Psyche
 10601 | D:9      | Killed Psyche
 10791 | D:9      | Noticed a two-headed ogre
 10800 | D:9      | Killed a two-headed ogre
 10932 | D:9      | Noticed a two-headed ogre
 10945 | D:9      | Killed a two-headed ogre
 11328 | D:10     | Entered Level 10 of the Dungeon
 11509 | D:10     | Noticed a two-headed ogre
 11518 | D:10     | Killed a two-headed ogre
 12053 | D:11     | Found Mauffoo's Elemental Accessories.
 12285 | Lair:1   | Entered Level 1 of the Lair of Beasts
 12515 | Lair:1   | Noticed a five-headed hydra
 12519 | Lair:1   | a five-headed hydra changed into a polar bear
 12663 | Lair:1   | Reached XP level 12. HP: 71/77 MP: 0/26
 12708 | Lair:1   | Reached skill level 1 in Transmutations
 12951 | Lair:1   | Reached skill level 1 in Staves
 13205 | Lair:1   | Reached skill level 5 in Staves
 13213 | Lair:1   | Identified the cursed scarf of Supernal Gnosis {rC+ rF+,
                  | Elem, Range} (You found it on level 8 of the Dungeon)
 14789 | Lair:2   | Found a glowing silver altar of Zin.
 14847 | Lair:2   | Found a staircase to the Swamp.
 15004 | Lair:2   | Identified the +5 short sword of Eternal War {vorpal, rElec
                  | Str+4}
 15007 | Lair:2   | Noticed a minotaur
 15008 | Lair:2   | Noticed a seven-headed hydra
 15009 | Lair:2   | Noticed mitchisshort's ghost (journeyman MiFi)
 15242 | Lair:2   | Found a runed translucent gate.
 15243 | Lair:2   | Found a runed translucent gate.
 15245 | Lair:2   | Found a runed translucent gate.
 16123 | Lair:3   | Found a dark tunnel.
 16134 | Lair:3   | Reached XP level 13. HP: 71/84 MP: 18/28
 16181 | Volcano  | Entered a volcano
 16462 | Volcano  | Reached skill level 11 in Earth Magic
 17671 | Lair:3   | Reached skill level 12 in Earth Magic
 18666 | Lair:4   | Reached skill level 13 in Earth Magic
 19161 | Lair:4   | Found a staircase to the Snake Pit.
 19874 | Lair:4   | Reached skill level 10 in Spellcasting
 20354 | Lair:5   | Found an iron altar of Okawaru.
 20711 | Lair:5   | Identified the +1 scale mail "Joti" {Regen+ Str+2 Int-4}
 20838 | Lair:5   | Found a staircase to the Slime Pits.
 21340 | Lair:6   | Entered Level 6 of the Lair of Beasts
 21449 | Lair:6   | Reached skill level 14 in Earth Magic
 21456 | Lair:6   | Learned a level 4 spell: Leda's Liquefaction
 21594 | Lair:6   | Gained mutation: Your large and strong wings let you fly.
                  | [Gargoyle growth]
 21594 | Lair:6   | Reached XP level 14. HP: 75/91 MP: 0/31
 21601 | Lair:6   | Reached *** piety under Ashenzari
 21756 | Lair:6   | Reached skill level 15 in Earth Magic
 23634 | Lair:6   | Reached skill level 10 in Fighting
 23901 | Lair:6   | Noticed Sonja
 24546 | Lair:6   | Found the ring of the Octopus King {rCorr AC+1 EV+1 Str+1
                  | Int+1 Dex+1}
 24733 | Lair:6   | Killed Sonja
 24974 | Lair:6   | Reached **** piety under Ashenzari
 24977 | Lair:6   | Reached skill level 1 in Shields
 25784 | Lair:6   | Found a corrupted altar of Lugonu.
 25784 | Lair:6   | Found a one-way gate to the infinite horrors of the Abyss.
 25785 | Lair:6   | Identified the ring "Ediecvyi" {+Blink Str+6}
 26212 | D:11     | Found a staircase to the Orcish Mines.
 26329 | D:11     | Bought the Tome of Stones for 374 gold pieces
 26335 | D:11     | Learned a level 5 spell: Borgnjor's Vile Clutch
 26342 | D:11     | Learned a level 6 spell: Iron Shot
 26449 | D:11     | Noticed Nergalle
 26453 | D:11     | Killed Nergalle
 26824 | D:12     | Reached skill level 5 in Conjurations
 26826 | D:12     | Reached XP level 15. HP: 101/101 MP: 5/33
 27569 | D:12     | Noticed Kirke
 27573 | D:12     | Reached skill level 16 in Earth Magic
 27592 | D:12     | Noticed a sphinx
 27611 | D:12     | Killed Kirke
 27818 | D:12     | Identified the +1 cloak "Zaejuol" {rElec}
 27836 | D:12     | Noticed Urug
 27872 | D:12     | Killed Urug
 28072 | D:12     | Noticed Nessos
 28078 | D:12     | Killed Nessos
 29057 | D:13     | Found Ised Ohics's Antique Armour Emporium.
 29181 | D:13     | Bought an embroidered hat for 203 gold pieces
 29286 | Orc:1    | Entered Level 1 of the Orcish Mines
 29288 | Orc:1    | Found Munuilus's Weapon Shop.
 29475 | Orc:1    | Noticed an orc warlord
 29838 | D:11     | Killed an orc warlord
 30975 | Orc:1    | Found Vovewaze's CLEARANCE SALE!.
 31032 | Orc:2    | Entered Level 2 of the Orcish Mines
 31349 | Orc:2    | Reached skill level 1 in Necromancy
 31933 | Orc:2    | Paralysed by an orc sorcerer for 6 turns
 32323 | Orc:2    | Noticed an orc warlord
 32558 | Orc:1    | Killed an orc warlord
 33004 | Orc:2    | Found Bymelyos's Antique Weapon Shop.
 33100 | Orc:2    | Reached skill level 17 in Earth Magic
 33240 | Orc:2    | Found Xaess's Armour Shoppe.
 33360 | Orc:2    | Found Erivuk's Book Boutique.
 33532 | Orc:2    | Noticed an orc warlord
 33541 | Orc:2    | Killed an orc warlord
 33819 | Orc:2    | Found a staircase to the Elven Halls.
 33854 | Orc:2    | Reached skill level 10 in Evocations
 34123 | Orc:2    | Found Xuint's Antique Armour Emporium.
 34131 | Orc:2    | Bought a pair of runed boots for 165 gold pieces
 34137 | Orc:2    | Found Foag's General Store.
 34145 | Orc:2    | Bought a potion of magic for 120 gold pieces
 34145 | Orc:2    | Bought a wand of acid (5) for 270 gold pieces
 34183 | Orc:2    | Found a radiant altar of Vehumet.
 34763 | D:13     | Reached XP level 16. HP: 48/107 MP: 5/35
 35399 | D:13     | Found a gate to the Vaults.
 37273 | D:14     | Found a glowing golden altar of the Shining One.
 37280 | D:14     | Found a white marble altar of Elyvilon.
 37280 | D:14     | Found a glowing silver altar of Zin.
 37294 | D:15     | Entered Level 15 of the Dungeon
 37376 | D:15     | Identified a scroll of acquirement
 37382 | D:15     | Acquired the Guide on Ghastly Attacks
 37397 | D:15     | Found a staircase to the Depths.
 37655 | D:15     | Learned a level 8 spell: Lehudib's Crystal Spear
 40189 | Snake:1  | Entered Level 1 of the Snake Pit
 40369 | Snake:1  | Reached skill level 10 in Conjurations
 42425 | Snake:2  | Reached XP level 17. HP: 112/112 MP: 18/37
 43490 | Snake:2  | Noticed Vashnia
 43985 | Snake:2  | Reached skill level 18 in Earth Magic
 44229 | Snake:2  | Killed Vashnia
 45638 | Snake:3  | Reached skill level 19 in Earth Magic
 45828 | Snake:3  | Found Keckeyh's Weapon Emporium.
 46716 | Snake:3  | Noticed Aizul
 46729 | Snake:3  | Killed Aizul
 47347 | Snake:4  | Entered Level 4 of the Snake Pit
 47356 | Snake:4  | Found Lomumm's Antique Armour Shop.
 47392 | Snake:4  | Found Caga's Armour Shoppe.
 47514 | Snake:4  | Identified the Compendium of Dislocated Ignition
 47667 | Snake:4  | Reached ***** piety under Ashenzari
 47695 | Snake:4  | Found a shimmering altar of Xom.
 47698 | Snake:4  | Found Setugaa's Jewellery Shoppe.
 47964 | Snake:4  | Found Gynuma's Antique Armour Emporium.
 47964 | Snake:4  | Identified the +8 whip of the Unstoppable Realms {pain, rC-
                  | MP+9 Int+5 SInv}
 48724 | Snake:4  | Reached XP level 18. HP: 97/120 MP: 18/40
 49399 | Snake:4  | Reached skill level 15 in Spellcasting
 49423 | Snake:4  | Found Nenoci's Antique Armour Shoppe.
 50125 | Snake:4  | Got a serpentine rune of Zot
 50396 | Snake:4  | Bought the +3 pair of seven-league boots {Rampage+∞} for
                  | 1560 gold pieces
 50396 | Snake:4  | Found the +3 pair of seven-league boots {Rampage+∞}
 50710 | Elf:1    | Entered Level 1 of the Elven Halls
 50710 | Elf:1    | Found a runed translucent gate.
 50710 | Elf:1    | Found a runed translucent gate.
 50710 | Elf:1    | Found a runed translucent gate.
 50710 | Elf:1    | Found a runed translucent gate.
 50710 | Elf:1    | Found a runed translucent gate.
 50710 | Elf:1    | Found a runed translucent gate.
 50711 | Elf:1    | Found a runed translucent door.
 50713 | Elf:1    | Found a runed translucent door.
 51179 | Elf:1    | Acquired the +2 helmet of Theory {rPois MP+9 Str+4 Slay+3}
 51439 | Elf:1    | Found Vaepuraff's Book Shop.
 51441 | Elf:1    | Found Jeannool's Jewellery Shoppe.
 51442 | Elf:1    | Found Cubelumn's Book Shop.
 51638 | Elf:1    | Noticed Jorgrun
 51642 | Elf:1    | Killed Jorgrun
 52826 | Elf:2    | Identified the +1 leather armour of Bargh {Harm SInv
                  | Stlth+}
 53011 | Elf:1    | Learned a level 5 spell: Blade Hands
 53023 | Elf:2    | HP: 5/119 [deep elf knight/arrow (18)]
 53041 | Elf:1    | Identified the cursed +2 buckler "Clairvoyant Seeker"
                  | {AC+3, Elem, Evo} (You found it on level 2 of the Lair of
                  | Beasts)
 54224 | Elf:2    | Found a runed translucent gate.
 54224 | Elf:2    | Found a runed translucent gate.
 54224 | Elf:2    | Found a runed translucent gate.
 54262 | Elf:2    | Reached XP level 19. HP: 113/125 MP: 40/40
 54564 | Elf:2    | Reached skill level 10 in Dodging
 54615 | Elf:2    | HP: 5/125 [+3 long sword of protection (11)]
 55536 | Elf:3    | Entered Level 3 of the Elven Halls
 55663 | Elf:3    | Identified the ring "Ifias" {Ice Str+4}
 56583 | Elf:3    | Identified the ring "Keimox" {Fly AC+4 Int+6}
 56788 | Elf:3    | Learned a level 3 spell: Teleport Other
 56805 | Elf:3    | Identified the +7 short sword of Tuivvia {flame, *Slow rF-
                  | rN+++ Str+4}
 56822 | Elf:3    | Acquired the Reference Book on Earth and Confrontation
 56834 | Elf:3    | Learned a level 9 spell: Shatter
 56852 | Elf:3    | Identified the +10 shortbow of Trauma {freeze, +Blink Fly}
 56853 | Elf:3    | Identified the ring "Suryutty" {rCorr Str+6 Int+7}
 56853 | Elf:3    | Identified the +3 scale mail of Somewhere Else {rF+ rC-
                  | Dex+6}
 56857 | Elf:3    | Identified the +1 chain mail of the Orcish Mines {rF+ Str-5
                  | SInv}
 56864 | Elf:3    | Identified the amulet "Zasemo" {Faith rF+}
 56875 | Elf:3    | HP: 3/128 [deep elf master archer/arrow (34)]
 56881 | Elf:3    | Reached skill level 20 in Earth Magic
 57661 | Elf:3    | Identified the +5 war axe of Meohoivamn {vorpal, Str+4
                  | Int+4 Dex+2}
 57672 | Elf:3    | Paralysed by an air elemental for 1 turns
 57677 | Elf:3    | Paralysed by an air elemental for 1 turns
 58372 | Swamp:1  | Entered Level 1 of the Swamp
 58503 | Swamp:1  | Reached skill level 21 in Earth Magic
 59263 | Swamp:2  | Reached XP level 20. HP: 136/136 MP: 28/43
 59972 | Swamp:2  | Found a runed translucent door.
 59973 | Swamp:2  | Identified the ring "Sugeh" {+Blink rElec Dex+6}
 59973 | Swamp:2  | Identified the +7 trident of Untruth {flame, rCorr Dex+3}
 59975 | Swamp:2  | Noticed Fiyxkotz's ghost (adept OgCj)
 60312 | Swamp:2  | Killed Fiyxkotz's ghost
 62226 | Swamp:4  | Entered Level 4 of the Swamp
 62239 | Swamp:4  | Reached skill level 22 in Earth Magic
 63109 | Swamp:4  | Reached skill level 23 in Earth Magic
 63716 | Swamp:4  | Got a decaying rune of Zot
 64758 | Depths:1 | Entered Level 1 of the Depths
 64771 | Depths:1 | Upgraded the game from 0.28.0-47-ge53b351184 to
                  | 0.28.0-49-g6dfe1f597d
 64971 | Vaults:1 | Entered Level 1 of the Vaults
 64988 | Vaults:1 | Reached XP level 21. HP: 134/140 MP: 17/45
 65485 | Vaults:1 | Reached skill level 15 in Fighting
 65690 | Vaults:1 | Reached skill level 5 in Stealth
 66432 | Vaults:2 | Found Wetiex's Assorted Antiques.
 66678 | Vaults:2 | Identified the +0 ring mail of Beyond {rCorr Stlth+}
 66714 | Vaults:2 | Bought a granite ring for 115 gold pieces
 66714 | Vaults:2 | Bought a scroll of immolation for 80 gold pieces
 66714 | Vaults:2 | Bought a potion of lignification for 69 gold pieces
 66714 | Vaults:2 | Bought a runed helmet for 172 gold pieces
 66714 | Vaults:2 | Bought a potion of lignification for 69 gold pieces
 66714 | Vaults:2 | Bought a scroll of enchant weapon for 172 gold pieces
 66714 | Vaults:2 | Bought a potion of curing for 69 gold pieces
 66802 | Vaults:2 | Reached skill level 5 in Shields
 67503 | Vaults:2 | Found a staircase to the Crypt.
 67641 | Vaults:2 | Found a runed translucent gate.
 67643 | Vaults:2 | Found a runed translucent gate.
 67643 | Vaults:2 | Found a runed translucent gate.
 67644 | Vaults:2 | Noticed Bailed's ghost (veteran MiMo)
 67808 | Vaults:3 | Reached XP level 22. HP: 138/149 MP: 38/46
 67913 | Vaults:3 | Found a magical portal.
 67954 | WizLab   | Entered The Hall of the Hellbinder
 67996 | WizLab   | Reached skill level 10 in Shields
 68000 | WizLab   | Gained mutation: You are frail. (-10% HP) [a neqoxec]
 68534 | WizLab   | Found a burning altar of Makhleb.
 68534 | WizLab   | Noticed Anigar
 68534 | WizLab   | Identified Mnoleg's Compendium of Summoning
 68838 | WizLab   | Identified the ring "Hahil" {Fly Dex+3}
 68872 | WizLab   | Killed Anigar the Hellbinder
 69479 | Vaults:3 | Noticed Frederick
 69511 | Vaults:3 | Killed Frederick
 71122 | Vaults:4 | Identified the ring of Exoutt {Fly rF+ Dex+2}
 72205 | Vaults:4 | Reached XP level 23. HP: 124/141 MP: 47/49
 73099 | Vaults:4 | Reached skill level 10 in Staves
 73260 | Vaults:5 | Entered Level 5 of the Vaults
 73479 | Vaults:5 | Noticed a golden dragon
 73483 | Vaults:5 | Noticed an ancient lich
 73856 | Vaults:5 | Noticed a golden dragon
 73858 | Vaults:5 | Killed an ancient lich
 73860 | Vaults:5 | Noticed an ancient lich
 73861 | Vaults:5 | Killed a golden dragon
 73871 | Vaults:4 | Killed a golden dragon
 75192 | Depths:1 | Identified the ring of the Middle {rElec rPois rC+ rN+
                  | Str+3}
 75195 | Depths:1 | Found a gateway to Hell.
 75284 | Depths:1 | Identified the +8 lajatang of Uskayaw's Generosity {venom,
                  | rElec rC+ Int-2 SInv}
 75878 | Depths:2 | Reached XP level 24. HP: 69/151 MP: 37/51
 75880 | Depths:2 | Paralysed by a floating eye for 3 turns
 77007 | Depths:2 | Reached skill level 15 in Shields
 78429 | Depths:2 | Noticed a caustic shrike
 78849 | Depths:2 | Killed a caustic shrike
 78862 | Depths:2 | Noticed a juggernaut
 79038 | Depths:1 | Killed a juggernaut
 79630 | Depths:2 | Found a one-way gate leading to the halls of Pandemonium.
 79929 | Depths:3 | Paralysed by a floating eye for 3 turns
 79965 | Depths:3 | Noticed a caustic shrike
 79971 | Depths:3 | Killed a caustic shrike
 79977 | Depths:3 | Reached XP level 25. HP: 138/155 MP: 5/51
 80380 | Depths:3 | Found a corrupted altar of Lugonu.
 80403 | Depths:3 | Identified the ring "Rogucwiv" {rElec rC+ Str-2 Int+6 SInv}
 80437 | Depths:3 | Identified the +5 whip of Lies {protect, rF++ Dex+3}
 81427 | Depths:3 | Found a one-way gateway to a ziggurat.
 81664 | Depths:4 | Entered Level 4 of the Depths
 81674 | Depths:4 | Noticed the Enchantress
 81678 | Depths:4 | Killed the Enchantress
 81679 | Depths:4 | Reached skill level 15 in Evocations
 82334 | Vaults:5 | Killed an ancient lich
 83898 | Vaults:5 | Acquired 1361 gold pieces
 84099 | Vaults:5 | Got a silver rune of Zot
 84208 | Vaults:5 | Identified the ring of Reimos {rC+ rN++ Int-3}
 84343 | Vaults:5 | Identified the +0 pair of boots of Gioresh {Fly rCorr
                  | Dex+3}
 84343 | Vaults:5 | Identified the +9 mace of Gallantry {drain, Str+3}
 84819 | Depths:3 | Cast into level 2 of the Abyss (a wizard)
 84827 | Abyss:2  | Found a corrupted altar of Lugonu.
 84867 | Abyss:2  | Found a sparkling altar of Nemelex Xobeh.
 84916 | Depths:3 | Escaped the Abyss
 84918 | Depths:3 | Reached XP level 26. HP: 161/161 MP: 51/51
 86265 | Depths:4 | Identified the +9 battleaxe "Jellyslayer" {vorpal, Will+
                  | Str+3 Int+4 Dex-2}
 86765 | Depths:4 | Identified the Handbook of Entrancing Contamination
 86770 | Depths:4 | Found a gate to the Realm of Zot.
 87730 | Zot:1    | Entered Level 1 of the Realm of Zot
 89899 | Zot:2    | Reached skill level 10 in Stealth
 89899 | Zot:2    | Reached XP level 27. HP: 102/165 MP: 36/53
 90933 | Zot:3    | Lost mutation: You are frail. (-10% HP) [potion of
                  | mutation]
 90933 | Zot:3    | Gained mutation: You possess an exceptional clarity of
                  | mind. [potion of mutation]
 90933 | Zot:3    | Gained mutation: You are somewhat resistant to further
                  | mutation. [potion of mutation]
 91050 | Zot:3    | Noticed an orb of fire
 91121 | Zot:3    | Killed an orb of fire
 91391 | Zot:3    | Reached skill level 15 in Dodging
 93127 | Zot:4    | Killed from afar by a purple draconian shifter

Illustrated notes

Levels and vault maps discovered:
D:1:      dpeg_arrival_rooms_with_view, layout_loops_cross,
          hellmonk_ecumenical_altar_leap_of_faith
D:2:      layout_loops_corners
D:3:      layout_basic, gammafunk_ghost_split
D:4:      layout_basic, gammafunk_ghost_arena, chequers_big_river,
          small_statue_intersection
D:5:      layout_loops_ring, minmay_temple_entry_glass, uniq_duvessa,
          uniq_crazy_yiuf_cottage, uniq_blork_the_orc, uniq_pikel
D:6:      layout_basic, uniq_maggie
D:7:      minmay_the_grid_octo_triangle [minmay_the_grid_octo_shrine,
          minmay_the_grid_octo_prize_single_spiral,
          minmay_the_grid_octo_clover], layout_layer_cave,
          hangedman_decor_growths, chequers_jeans, uniq_joseph
D:8:      minmay_inner_zag, layout_basic, mainiacjoe_overflow_alcove_4,
          lair_entry_dummy
D:9:      layout_rooms, minmay_shop_mass, lemuel_flamethrower_1,
          uniq_prince_ribbit1, uniq_psyche
D:10:     layout_basic
D:11:     layout_cave_pools, orc_0_dummy, serial_column_ruins,
          column_ruins_open_tiny, column_ruins_open_tiny,
          column_ruins_columns_straight, column_ruins_open_tiny,
          nicolae_elemental_shop, uniq_nergalle
D:12:     layout_grid_maze, st_stairs_1, uniq_urug, uniq_kirke, uniq_nessos
D:13:     layout_irregular_city, ximxim_vaults_locker_room, serial_shops,
          nicolae_diamond_shop, einodemon_crawler_minivault
D:14:     layout_basic, good_gods_mini_temple, kennysheep_generic_room_8
D:15:     gammafunk_depths_entry_grave, layout_irregular_city,
          minmay_fountain_box, hangedman_weighted_door, argonaut_gorgonesque
Lair:1:   kb_forest_paths, layout_chaotic_city, cheibrodos_lair_lostbears
Lair:2:   layout_loops_ring, minmay_swamp_entry_worms,
          maelrawn_ghost_gauntlet_escape, basic_altar,
          dreamdust_deal_with_the_devil, grunt_megastairs_3
Lair:3:   layout_big_grid, nicolae_volcano_entry_lava_flow
Lair:4:   layout_cave_pods, dummy_snake_entry, kennysheep_abandoned_house,
          infiniplex_staircase_pool, serial_bayou_shore_b
Lair:5:   layout_misc_corridors, dpeg_slime_entry_corner, basic_altar
Lair:6:   hellmonk_lair_end_abyssal_woods, layout_concentric_octagons,
          uniq_sonja
Swamp:1:  nicolae_swamp_decorative_isthmus, layout_basic_swamp,
          evilmike_swamp_ruin_house_6
Swamp:2:  layout_basic_swamp, ebering_ghost_funeral_grove, serial_swamp_ruin,
          evilmike_swamp_ruin_house_5, evilmike_swamp_ruin_rubble_2,
          evilmike_swamp_ruin_rubble_1, swamp_pool4, nzn_swamp_dancing_lights
Swamp:3:  nicolae_swamp_flooded_prison, layout_basic_swamp,
          evilmike_swamp_ruin_house_1, st_swamp_mini
Swamp:4:  swamp_alternative, layout_basic_swamp, swamp_pool5
Snake:1:  layout_basic, guppyfry_snake_island, grunt_megastairs_5,
          serial_bayou_shore_a
Snake:2:  layout_cave_pods, grunt_ministairs_12, hangedman_snake_pattern,
          uniq_vashnia
Snake:3:  nrook_guardian_serpent_snake_passage, layout_rooms, serial_shops,
          nicolae_shop_behind_doors, grunt_megastairs_2, uniq_aizul
Snake:4:  minmay_snake_end_coiled, layout_cave_town, basic_altar, serial_shops,
          shop_coins, shop, nicolae_shop_advertising_works
          [nicolae_subvault_shop_adworks], shop, nicolae_shop_behind_doors
Orc:1:    layout_diamond_mine, serial_shops, nicolae_diamond_shop,
          nicolae_shop_clearance
Orc:2:    grunt_orc_gardens, layout_diamond_mine, grunt_orc_garden,
          grunt_orc_garden, grunt_orc_garden, grunt_orc_garden, serial_shops,
          nicolae_shop_trees, basic_altar
Elf:1:    nicolae_elf_arrival_dilemma, layout_loops_corners,
          hangedman_elf_represent, minmay_shop_grove, uniq_jorgrun
Elf:2:    elven_hall_of_blades_hangedman_original [nicolae_blade_little_rooms],
          layout_geoelf_grid, hangedman_elven_ridges, minivault_25,
          small_chamber_with_monster, hellmonk_bongcloud_opening,
          lemuel_upstairs_altar
Elf:3:    grunt_elf_hall_spiral, layout_gridlike, serial_corexii_hall,
          corexii_hall_statues_s, chequers_hall_statues_wall_a,
          corexii_hall_statues_l, chequers_hall_statues_y,
          chequers_hall_statues_wall_a, corexii_hall_statues_x, minivault_24
Vaults:1: v_misc_33, nicolae_vaults_shelves_hall, nicolae_vaults_theta,
          vaults_room_semicircle, vaults_dpeg_cross, v_alt_pattern_5,
          nicolae_vaults_rhombus_5, nicolae_vaults_network_barrier,
          vaults_room_door_hall, nicolae_vaults_ring_of_whatevers, v_misc_32,
          st_smaller_cells, v_misc_9, layout_vaults_omnibox
Vaults:2: gammafunk_ghost_necromancy, vaults_mumra_minichess_inversion,
          vaults_dpeg_spiral, hangedman_vaults_stitches, st_cells, v_misc_15,
          nicolae_vaults_ring_of_whatevers, minmay_crypt_entry_simple_statues,
          vaults_room_ringed_pool, v_misc_15, grunt_vaults_hallway_long,
          nicolae_vaults_alarming, v_misc_28, hangedman_vaults_trim,
          layout_vaults_maze_snakey, serial_shops, nicolae_shop_stone
Vaults:3: infiniplex_enter_wizlab_glasses, ontoclasm_vaults_hangar,
          nicolae_vaults_diagonal_hallway_8, nicolae_vaults_angled_halls,
          grunt_vaults_trifunnel, ontoclasm_vaults_fault,
          nicolae_vaults_network_square, v_misc_33, v_misc_2, v_misc_10,
          hangedman_vaults_stretched_pinwheel, vaults_dpeg_hooks, v_misc_26,
          layout_vaults_big_cross, uniq_frederick
Vaults:4: nicolae_vaults_asterisk, hangedman_vaults_cutoff,
          hangedman_vaults_snaps, ontoclasm_vaults_chip,
          vaults_dpeg_encased_lava, vaults_room_hangedman_quadrants,
          v_pattern_2, layout_vaults_omnigrid, uniq_margery
Vaults:5: serial_shops
Depths:1: layout_cave_pools, hell_entry, beargit_elvish_explorers
Depths:2: minmay_octagon_city, layout_long_grid, hangedman_decor_push,
          hell_entry, pan_entry, columned_hall_lemuel, drop_trap,
          infiniplex_staircase_door_maze
Depths:3: hangedman_arch_fort, layout_long_grid, enter_ziggurat_a, pan_entry,
          abyss_entry_flame_altar, hell_entry, kennysheep_inner_square,
          minmay_staircase_bubble
Depths:4: lemuel_castle_with_subvaults [lemuel_castle_interior_carwin_1],
          layout_basic, hell_entry, minmay_misc_feat_pillars,
          hangedman_decor_clover_reticule, wad_floor_pattern_untrapped,
          grunt_decor_fettered, uniq_enchantress
Zot:1:    infiniplex_zot_generator, layout_twisted_circle
Zot:2:    layout_misc_corridors, st_stairs_10, kennysheep_underground_church
Zot:3:    layout_basic
Zot:4:    layout_basic

Skill      XL: |  1  2  3  4  5  6  7  8  9 10 11 12 13 14 15 16 17 18 19 20 21 22 23 24 25 26 27 |
---------------+----------------------------------------------------------------------------------+-----
Earth Magic    | 4 5 7 8 10 14 15 17 19 21 23 | 23.6
Fighting       | 2 3 4 6 7 8 9 11 14 15 17 | 17.6
Spellcasting   | 3 4 6 7 8 9 11 12 13 14 15 16 18 19 21 | 21.7
Evocations     | 3 5 7 8 9 10 11 13 17 18 | 18.2
Conjurations   | 4 5 6 12 13 | 13.7
Dodging        | 4 6 8 9 10 11 13 14 16 | 16.1
Stealth        | 3 7 10 | 10.0
Transmutations | 3 |  3.0
Staves         | 5 6 9 10 | 10.0
Shields        | 3 8 12 13 16 17 | 17.0
Necromancy     | 1 |  1.9

Action                   |  1- 3 |  4- 6 |  7- 9 | 10-12 | 13-15 | 16-18 | 19-21 | 22-24 | 25-27 || total
-------------------------+-------+-------+-------+-------+-------+-------+-------+-------+-------++-------
Melee: Dagger            |    54 |       |       |       |       |       |       |       |       ||    54
       Unarmed           |     5 |       |       |       |       |    19 |    21 |     4 |       ||    49
       Punch             |     1 |       |       |       |       |       |       |       |       ||     1
       Short sword       |     2 |    54 |       |       |       |       |       |       |       ||    56
       Staff             |       |    11 |    58 |   107 |   295 |   489 |   141 |   201 |   464 ||  1766
       Quarterstaff      |       |       |       |       |       |       |       |    12 |       ||    12
Throw: Dart              |       |       |       |       |    12 |       |       |       |       ||    12
 Cast: Sandblast         |    21 |    45 |    86 |   216 |   242 |       |       |       |       ||   610
       Stone Arrow       |       |       |    24 |   120 |   293 |       |       |       |       ||   437
       Petrify           |       |       |       |    15 |    19 |     2 |       |       |       ||    36
       Leda's Liquefacti |       |       |       |       |     8 |     7 |     2 |       |       ||    17
       Iron Shot         |       |       |       |       |   155 |   239 |    19 |       |       ||   413
       Borgnjor's Vile C |       |       |       |       |    41 |    57 |    14 |    21 |    24 ||   157
       Lehudib's Crystal |       |       |       |       |       |   142 |    45 |   101 |   151 ||   439
       Blade Hands       |       |       |       |       |       |     3 |     3 |       |       ||     6
       Shatter           |       |       |       |       |       |       |   344 |   186 |   168 ||   698
       Teleport Other    |       |       |       |       |       |       |       |     1 |       ||     1
Invok: Curse Item        |       |     3 |       |     1 |     4 |     1 |     1 |     2 |     1 ||    13
       Shatter the Chain |       |     1 |       |       |       |     2 |       |     2 |     1 ||     6
 Abil: Evoke Blink       |       |       |       |       |       |     2 |     5 |     1 |     1 ||     9
Evoke: Wand              |       |       |       |     3 |    17 |    16 |     4 |     3 |       ||    43
       Piece from Xom's  |       |       |       |     6 |    10 |       |       |     1 |       ||    17
       Phial of floods   |       |       |       |     1 |     5 |     4 |     4 |     3 |       ||    17
       Tin of tremorston |       |       |       |       |       |       |     2 |     9 |     6 ||    17
       Phantom mirror    |       |       |       |       |       |       |     2 |     2 |     2 ||     6
       Condenser vane    |       |       |       |       |       |       |     1 |     4 |     3 ||     8
       Lightning rod     |       |       |       |       |       |       |       |     5 |     2 ||     7
  Use: Scroll            |     3 |     3 |     1 |     2 |     8 |     3 |     6 |     2 |     2 ||    30
       Potion            |       |       |     2 |     4 |     2 |     1 |     4 |       |     2 ||    15
 Stab: Sleeping          |     4 |     6 |       |     1 |       |     4 |       |       |     2 ||    17
       Petrified         |       |       |       |     1 |       |       |       |       |       ||     1
       Distracted        |       |       |       |       |       |       |       |       |     1 ||     1
Armor: Robe              |    28 |    36 |    25 |   112 |   255 |   305 |   223 |   294 |   357 ||  1635
       Skin              |       |       |    26 |    45 |       |       |       |       |       ||    71
Dodge: Dodged            |    33 |    50 |    34 |   184 |   557 |   547 |   187 |   257 |   317 ||  2166
Block: Buckler           |       |       |       |    16 |   224 |   260 |    81 |    57 |       ||   638
       Kite shield       |       |       |       |       |       |       |       |   150 |   338 ||   488
       Reflection        |       |       |       |       |       |       |       |     5 |     8 ||    13
